[Event "IIFL WEALTH VI Under-13 2021"]
[Site "Mumbai"]
[Date "2022.01.01"]
[Round "3.2"]
[White "Bagwe Gaurang"]
[Black "Ram Vishal Parab"]
[Result "1-0"]
[ECO "C77"]
[WhiteElo "1850"]
[BlackElo "1350"]
[Annotator "NA RC"]
[PlyCount "132"]
[EventDate "2021.12.30"]
[EventType "swiss"]
[EventCountry "IND"]
[SourceTitle "playchess.com"]
[Source "ChessBase"]
[SourceQuality "1"]
[TimeControl "5400+30"]

1. e4 e5 2. Nf3 Nc6 3. Bb5 a6 4. Ba4 Nf6 5. d3 b5 6. Bb3 Be7 7. c3 d6 8. Nbd2 O-O 9. Nf1 Na5 10. Bc2 c5 11. Ng3 Nc6 12. O-O Re8 13. h3 h6 14. Nh2 d5 15. Qf3 (15. exd5 $11 Qxd5 16. Bb3) 15... Bf8 (15... d4 $1 $15 {might be stronger.}) 16. a4 b4 17. Rd1 (17. Bb3 $142) 17... Rb8 18. exd5 Qxd5 (18... Nxd5 $17 19. Bd2 (19. Bb3 Be6 $17) 19... b3) 19. Ne4 Nxe4 (19... Nd7 $142) 20. dxe4 Qe6 21. Ng4 Qg6 22. Ne3 Be6 23. Bd3 (23. a5 $11) 23... Red8 (23... Na5 $15) 24. Bxa6 Rxd1+ 25. Nxd1 Na5 26. Bb5 Nb3 (26... Rd8 $1 $15 27. Ne3 c4) 27. Rb1 f5 28. Ne3 $1 fxe4 ({Black should try} 28... f4 $11 29. Nc4 Bd5 30. Nxe5 Qxe4 31. Qxe4 Bxe4 32. Bc4+ Kh7 33. Bxb3 Bxb1) 29. Qd1 Kh8 30. Bc4 Na5 31. Bxe6 Qxe6 32. cxb4 cxb4 33. Bd2 ({White should play} 33. Nf1 $14) 33... Nb3 34. Be1 Bc5 35. Qc2 Rc8 (35... Bd4 $1 $11) 36. Qxe4 Nd4 37. Ng4 Qc4 (37... Bd6 $16 38. b3 (38. f4 Qc4 $11) 38... Rc2) 38. Kh2 ({Weaker is} 38. Qxe5 Qc2 39. Ra1 Nb3 40. Nxh6 (40. Ra2 $2 Qg6 $19) 40... Rf8 $11) 38... Bd6 (38... Qc2 $16 {was called for.} 39. Qxc2 Nxc2 40. Nxe5 Nxe1) 39. b3 (39. Nxe5 $18 Qc2 40. Qxd4 Bxe5+ 41. Qxe5 Qxb1 42. Bxb4) 39... Qe6 (39... Qc2 $16 {was worth a try.} 40. Qxc2 Rxc2) 40. Kh1 (40. a5 $18) 40... Nxb3 (40... Rc2 $1 $14) 41. Bxb4 Rc4 (41... Nc5 $142 42. Bxc5 Rxc5) 42. Qa8+ Rc8 43. Qa6 Qf5 44. Rxb3 Rc1+ 45. Kh2 Qf4+ 46. Rg3 Qxb4 47. Qa8+ Qb8 {[%emt 0:00:18] [#]} (47... Bb8 $16) 48. Qe4 $1 ({Don't take} 48. Qxb8+ $6 Bxb8 49. Rb3 Bc7 $16) 48... Qb1 {[%emt 0:03:16] [#]} 49. Re3 (49. Rd3 $1 $18 Rh1+ 50. Kg3) 49... Qxe4 50. Rxe4 Ra1 51. Ne3 (51. h4 $142) 51... Kg8 52. Kg3 Kf7 53. h4 (53. Nc4 ) 53... g6 54. Nc4 Bc7 55. h5 g5 56. Ne3 Ke6 57. Rc4 Bd6 58. Kf3 Ra2 59. g4 Bf8 60. Rc6+ Kd7 61. Rf6 e4+ 62. Kxe4 Rxa4+ 63. Kf3 Ke8 64. Nf5 Ra3+ 65. Kg2 Ra4 66. Kg3 ({Weaker is} 66. Nxh6 Bxh6 67. Rxh6 Rxg4+ 68. Kh3 Rh4+ 69. Kg2 Kf7 $11) 66... Ra3+ $18 1-0

[Event "IIFL WEALTH VI Under-13 2021"]
[Site "Mumbai"]
[Date "2022.01.01"]
[Round "3.3"]
[White "Daksh Goyal"]
[Black "Jaiveer Mahendru"]
[Result "0-1"]
[ECO "D30"]
[WhiteElo "1352"]
[BlackElo "1721"]
[Annotator "NA RC"]
[PlyCount "50"]
[EventDate "2021.12.30"]
[EventType "swiss"]
[EventCountry "IND"]
[SourceTitle "playchess.com"]
[Source "ChessBase"]
[SourceQuality "1"]
[TimeControl "5400+30"]

1. c4 e6 2. d4 d5 3. Nf3 Nf6 4. Bg5 Be7 5. e3 b6 6. Nc3 Bb7 7. Bxf6 Bxf6 8. cxd5 exd5 9. Qc2 O-O 10. Bd3 g6 11. h4 Nc6 12. a3 Ne7 13. O-O-O c5 14. Qe2 cxd4 15. exd4 Re8 16. h5 Nf5 17. Qd2 Nxd4 18. Nxd4 Bxd4 19. hxg6 hxg6 20. Bb5 Bg7 21. Bxe8 Qxe8 22. Nxd5 Rc8+ 23. Kb1 Qe4+ 24. Ka1 Bxd5 25. Qxd5 Rc1+ 0-1

[Event "IIFL WEALTH VI Under-13 2021"]
[Site "Mumbai"]
[Date "2022.01.01"]
[Round "3.4"]
[White "Raghu Ram Reddy Seelam"]
[Black "Jagesia Daksh"]
[Result "1-0"]
[ECO "C23"]
[WhiteElo "1712"]
[BlackElo "1328"]
[Annotator "NA RC"]
[PlyCount "85"]
[EventDate "2021.12.30"]
[EventType "swiss"]
[EventCountry "IND"]
[SourceTitle "playchess.com"]
[Source "ChessBase"]
[SourceQuality "1"]
[TimeControl "5400+30"]

1. e4 e5 2. Nf3 Nc6 3. Bc4 Bc5 4. c3 d6 5. d4 exd4 6. cxd4 Bb6 7. Nc3 Nf6 8. h3 h6 9. O-O O-O 10. Bb3 Ba5 11. Re1 Re8 12. Bc2 a6 13. a3 Bxc3 14. bxc3 Ne7 15. Bf4 Ng6 16. Bh2 b6 17. e5 dxe5 18. Nxe5 Nf8 19. Qf3 Be6 20. Rad1 Bd5 21. Qg3 b5 22. c4 Bxc4 23. Nxc4 Rxe1+ 24. Rxe1 bxc4 25. Qc3 Ne6 26. Be5 c5 27. dxc5 Nxc5 28. Qxc4 Ne6 29. Rd1 Qe7 30. Bxf6 Qxf6 31. Qc6 Rb8 32. Qxa6 g6 33. Qc4 Kg7 34. a4 Rb7 35. Be4 Rb2 36. Rf1 Nf4 37. Kh2 Nh5 38. Bf3 Qe5+ 39. Kg1 Nf4 40. a5 Ne6 41. a6 Nd4 42. a7 Nxf3+ 43. gxf3 1-0

[Event "IIFL WEALTH VI Under-13 2021"]
[Site "Mumbai"]
[Date "2022.01.01"]
[Round "3.5"]
[White "Vivaan Vishal Shah"]
[Black "Bharadia Yash"]
[Result "0-1"]
[ECO "B96"]
[WhiteElo "1327"]
[BlackElo "1675"]
[Annotator "NA RC"]
[PlyCount "90"]
[EventDate "2021.12.30"]
[EventType "swiss"]
[EventCountry "IND"]
[SourceTitle "playchess.com"]
[Source "ChessBase"]
[SourceQuality "1"]
[TimeControl "5400+30"]

1. e4 c5 2. Nf3 d6 3. d4 cxd4 4. Nxd4 Nf6 5. Nc3 a6 6. Bg5 e6 7. f4 h6 8. Bh4 Qb6 9. Nb3 Qe3+ 10. Qe2 Qxf4 11. Bg3 Qg5 12. Nd4 Nh5 13. Bf2 Nf4 14. Qf3 Ng6 15. Be3 Qa5 16. Nb3 Qc7 17. O-O-O Ne5 18. Qg3 b5 19. a3 Nbd7 20. Be2 Bb7 21. Kb1 Rc8 22. Ka2 Bc6 23. Bd2 Rb8 24. Nd4 b4 25. axb4 Rxb4 26. Nb3 a5 27. Kb1 a4 28. Nc1 Qb7 29. b3 Nc5 30. Nxa4 Nxe4 31. Qe3 Rxa4 32. Be1 d5 33. Nd3 Nc4 34. Qc1 Na3+ 35. Kb2 Nb5 36. bxa4 Ba3+ 37. Ka1 Bxc1 38. Rxc1 Qa7 39. a5 Qd4+ 40. c3 Qa4+ 41. Kb2 Qa3+ 42. Kc2 Qa2+ 43. Kd1 Nd4 44. cxd4 Ba4+ 45. Rc2 Qxc2# 0-1

[Event "IIFL WEALTH VI Under-13 2021"]
[Site "Mumbai"]
[Date "2022.01.02"]
[Round "4.2"]
[White "Vedant Mistry"]
[Black "Bagwe Gaurang"]
[Result "0-1"]
[ECO "D00"]
[WhiteElo "1394"]
[BlackElo "1850"]
[Annotator "NA RC"]
[PlyCount "78"]
[EventDate "2021.12.30"]
[EventType "swiss"]
[EventCountry "IND"]
[SourceTitle "playchess.com"]
[Source "ChessBase"]
[SourceQuality "1"]
[TimeControl "5400+30"]

1. d4 d5 2. Bf4 c6 3. e3 Bf5 4. c4 e6 5. Nc3 Nd7 6. Qb3 Qb6 7. c5 Qxb3 8. axb3 a6 9. b4 Rc8 10. Nf3 f6 11. Be2 g5 12. Bg3 h5 13. h4 g4 14. Nd2 Be7 15. Nb3 Bd8 16. Kd2 ({White should try} 16. f3 $16) 16... Bc7 17. Bxc7 Rxc7 18. Rhe1 (18. f3 $14) 18... Ne7 19. g3 Be4 20. Bd3 f5 21. Bxe4 ({White should play} 21. Ne2 $11) 21... fxe4 22. Ne2 e5 23. Kc3 Rf8 24. Rf1 Ng6 25. Nd2 (25. Rac1 $15) 25... exd4+ 26. exd4 (26. Nxd4 $17 Ke7 27. Ne2) 26... Nb8 $19 27. Nc1 Rcf7 28. Ncb3 Kd8 29. Na5 Kc8 30. Rae1 Rxf2 31. Rxf2 Rxf2 32. Rf1 Rg2 33. Rf6 Rxg3+ 34. Kc2 Nxh4 35. Rf8+ Kc7 36. Rf7+ Nd7 37. Rf1 e3 38. Nb1 e2 39. Re1 Nf3 0-1

[Event "IIFL WEALTH VI Under-13 2021"]
[Site "Mumbai"]
[Date "2022.01.02"]
[Round "4.3"]
[White "Jaiveer Mahendru"]
[Black "Mitank Maru"]
[Result "1-0"]
[ECO "B10"]
[WhiteElo "1721"]
[BlackElo "1426"]
[Annotator "NA RC"]
[PlyCount "109"]
[EventDate "2021.12.30"]
[EventType "swiss"]
[EventCountry "IND"]
[SourceTitle "playchess.com"]
[Source "ChessBase"]
[SourceQuality "1"]
[TimeControl "5400+30"]

1. e4 c6 2. Nf3 d5 3. e5 Bf5 4. d4 e6 5. Bd3 Ne7 6. Nc3 Nd7 7. Ne2 Bxd3 8. Qxd3 Ng6 9. h4 h5 10. Ng5 Qe7 11. f4 f5 12. exf6 Qxf6 13. Nxe6 Qxe6 14. f5 Nge5 15. fxe6 Nxd3+ 16. cxd3 Bb4+ 17. Kd1 Nf8 18. Nf4 Rh6 19. a3 Bd6 20. Re1 Bxf4 21. Bxf4 Rxe6 22. Kd2 Kd7 23. Rxe6 Nxe6 24. Be5 Rf8 25. Ke3 Rf5 26. Bh2 g5 27. Rh1 g4 28. Bg3 Ng7 29. Be5 Ne6 30. b4 b6 31. Rb1 Nf8 32. Bg3 Ng6 33. b5 Rf6 34. a4 Ne7 35. Be5 Rf8 36. Ke2 Re8 37. Rf1 c5 38. Kd2 Ng6 39. Rf7+ Re7 40. Rxe7+ Nxe7 41. dxc5 bxc5 42. Bb8 Nc8 43. Ke3 Ke6 44. a5 Kf5 45. Bxa7 d4+ 46. Kf2 Ke6 47. b6 Nxb6 48. axb6 Kd7 49. b7 Kc6 50. b8=Q c4 51. dxc4 d3 52. Qd8 Kb7 53. Qd7+ Ka6 54. Bc5 d2 55. Qa7# 1-0

[Event "IIFL WEALTH VI Under-13 2021"]
[Site "Mumbai"]
[Date "2022.01.02"]
[Round "4.4"]
[White "Gaikwad Manas"]
[Black "Raghu Ram Reddy Seelam"]
[Result "1/2-1/2"]
[ECO "C54"]
[WhiteElo "1243"]
[BlackElo "1712"]
[Annotator "NA RC"]
[PlyCount "60"]
[EventDate "2021.12.30"]
[EventType "swiss"]
[EventCountry "IND"]
[SourceTitle "playchess.com"]
[Source "ChessBase"]
[SourceQuality "1"]
[TimeControl "5400+30"]

1. e4 e5 2. Nf3 Nc6 3. Bc4 Bc5 4. c3 Nf6 5. d3 a6 6. Bb3 h6 7. Nbd2 d6 8. h3 Ba7 9. Nf1 Be6 10. Ng3 Qd7 11. Nh4 g6 12. Be3 O-O-O 13. Ba4 Qe7 14. Bxc6 Bxe3 15. Bxb7+ Kxb7 16. fxe3 Nxe4 17. Nxg6 Qg5 18. Nxe4 Qxe3+ 19. Qe2 Qxe2+ 20. Kxe2 fxg6 21. Rhf1 Rhf8 22. b3 Kc6 23. Rxf8 Rxf8 24. Rf1 Rxf1 25. Kxf1 a5 26. Nd2 a4 27. Ke2 axb3 28. axb3 Bd5 29. g4 Be6 30. Kf3 Bd5+ 1/2-1/2

[Event "IIFL WEALTH VI Under-13 2021"]
[Site "Mumbai"]
[Date "2022.01.02"]
[Round "4.5"]
[White "Bharadia Yash"]
[Black "Saksham Singh"]
[Result "1/2-1/2"]
[ECO "B43"]
[WhiteElo "1675"]
[BlackElo "1253"]
[Annotator "NA RC"]
[PlyCount "57"]
[EventDate "2021.12.30"]
[EventType "swiss"]
[EventCountry "IND"]
[SourceTitle "playchess.com"]
[Source "ChessBase"]
[SourceQuality "1"]
[TimeControl "5400+30"]

1. e4 c5 2. Nf3 e6 3. d4 cxd4 4. Nxd4 a6 5. Nc3 Qc7 6. Bd3 Nf6 7. f4 d6 8. g4 b5 9. g5 Nfd7 10. Be3 Bb7 11. Qf3 Nc5 12. O-O Nbd7 13. a3 Be7 14. Rac1 Nb6 15. b3 Rd8 16. f5 e5 17. f6 gxf6 18. gxf6 exd4 19. fxe7 Qxe7 20. Bxd4 Rg8+ 21. Kh1 Nbd7 22. Nd5 Bxd5 23. exd5 Nxd3 24. Qxd3 f6 25. c4 bxc4 26. bxc4 Ne5 27. Qe2 Rc8 28. Bc5 dxc5 29. Rf5 1/2-1/2

[Event "IIFL WEALTH VI Under-13 2021"]
[Site "Mumbai"]
[Date "2022.01.05"]
[Round "7.2"]
[White "Bagwe Gaurang"]
[Black "Iyer Arvind"]
[Result "1-0"]
[ECO "C77"]
[WhiteElo "1850"]
[BlackElo "1662"]
[Annotator "NA RC"]
[PlyCount "82"]
[EventDate "2021.12.30"]
[EventType "swiss"]
[EventCountry "IND"]
[TimeControl "5400+30"]

1. e4 e5 2. Nf3 Nc6 3. Bb5 a6 4. Ba4 Nf6 5. d3 b5 6. Bb3 Be7 7. c3 d6 8. Nbd2 Na5 9. Bc2 c5 10. Nf1 O-O 11. Ng3 Qc7 12. O-O Bd7 13. Qe2 Rad8 14. Bd2 Rfe8 15. Rae1 h6 16. Nh4 Be6 17. Nhf5 d5 18. exd5 Rxd5 19. f4 Bxf5 20. Nxf5 Bf8 21. Qf2 Nc6 22. fxe5 Nxe5 23. Nxh6+ gxh6 24. Qxf6 Re6 25. Qf5 Rg6 26. Qe4 Ng4 27. Bf4 Qd7 28. Bg3 Nf6 29. Qf3 Nh5 30. d4 Rxg3 31. hxg3 Rg5 32. Re5 Ng7 33. Rxg5 hxg5 34. g4 cxd4 35. Qd3 Bc5 36. Qh7+ Kf8 37. Qh8+ Ke7 38. Qxg7 d3+ 39. Kh1 dxc2 40. Rxf7+ Ke6 41. Qf6+ Kd5 1-0

[Event "IIFL WEALTH VI Under-13 2021"]
[Site "Mumbai"]
[Date "2022.01.05"]
[Round "7.3"]
[White "Jaiveer Mahendru"]
[Black "Ajay Santhosh Parvathareddy"]
[Result "1-0"]
[ECO "B90"]
[WhiteElo "1721"]
[BlackElo "1512"]
[Annotator "NA RC"]
[PlyCount "87"]
[EventDate "2021.12.30"]
[EventType "swiss"]
[EventCountry "IND"]
[TimeControl "5400+30"]

1. e4 c5 2. Nf3 d6 3. d4 cxd4 4. Nxd4 Nf6 5. Nc3 a6 6. Be3 e5 7. Nb3 Be6 8. f3 Be7 9. Qd2 h5 10. O-O-O Nbd7 11. Nd5 Nxd5 12. exd5 Bf5 13. Bd3 Bxd3 14. Qxd3 Bg5 15. g3 Bxe3+ 16. Qxe3 Rc8 17. Rd2 Nb6 18. Qe2 Nc4 19. Rd3 b5 20. f4 Kf8 21. Rf1 b4 22. fxe5 Nxe5 23. Re3 Qc7 24. Nd4 Qc4 25. Qxc4 Nxc4 26. Re4 Ne5 27. Nf5 Rc5 28. Nxd6 Rxd5 29. Rxb4 Nc6 30. Nxf7 Nxb4 31. Nxh8+ Ke8 32. a3 Nc6 33. Ng6 Nd4 34. c3 Nb3+ 35. Kc2 Nc5 36. Rf8+ Kd7 37. Rf7+ Ke6 38. Rc7 Rg5 39. Nf4+ Kd6 40. Ra7 Kc6 41. b4 Kb6 42. Re7 Nb7 43. c4 a5 44. c5+ 1-0

[Event "IIFL WEALTH VI Under-13 2021"]
[Site "Mumbai"]
[Date "2022.01.05"]
[Round "7.4"]
[White "Raghu Ram Reddy Seelam"]
[Black "Kajrolkar Dakshil"]
[Result "1/2-1/2"]
[ECO "B06"]
[WhiteElo "1712"]
[BlackElo "1357"]
[Annotator "NA RC"]
[PlyCount "81"]
[EventDate "2021.12.30"]
[EventType "swiss"]
[EventCountry "IND"]
[TimeControl "5400+30"]

1. e4 g6 2. d4 Bg7 3. Nc3 c5 4. dxc5 Qa5 5. Bd2 Qxc5 6. Nf3 Qc7 7. Bd3 Nc6 8. O-O d6 9. h3 Nf6 10. Re1 O-O 11. Qc1 Bd7 12. Bh6 Rac8 13. Bxg7 Kxg7 14. a3 a6 15. Qf4 e6 16. Rad1 d5 17. Qh4 d4 18. e5 Nxe5 19. Nxd4 Nxd3 20. Rxd3 e5 21. Qxf6+ Kxf6 22. Nd5+ Kg7 23. Nxc7 exd4 24. Nd5 Rxc2 25. Rxd4 Be6 26. Nf4 Rxb2 27. Rxe6 fxe6 28. Nxe6+ Kg8 29. Nxf8 Kxf8 30. Rd7 Kg8 31. a4 Rb4 32. a5 Rb5 33. Kh2 Rxa5 34. Rxb7 Ra2 35. Ra7 Rxf2 36. Rxa6 Kg7 37. Kg3 Rb2 38. h4 h5 39. Kh3 Rb3+ 40. g3 Rb2 41. Ra7+ 1/2-1/2

[Event "IIFL WEALTH VI Under-13 2021"]
[Site "Mumbai"]
[Date "2022.01.05"]
[Round "7.5"]
[White "Daksh Goyal"]
[Black "Bharadia Yash"]
[Result "1/2-1/2"]
[ECO "A28"]
[WhiteElo "1352"]
[BlackElo "1675"]
[Annotator "NA RC"]
[PlyCount "114"]
[EventDate "2021.12.30"]
[EventType "swiss"]
[EventCountry "IND"]
[TimeControl "5400+30"]

1. c4 e5 2. Nc3 Nf6 3. Nf3 Nc6 4. e3 Bb4 5. Qc2 Bxc3 6. Qxc3 Qe7 7. b3 d5 8. d4 exd4 9. Nxd4 Nxd4 10. Qxd4 O-O 11. Bb2 Bg4 12. h3 Be6 13. c5 Ne8 14. Bd3 c6 15. g3 f6 16. Kd2 Nc7 17. Rac1 Bf7 18. Qg4 Ne6 19. Bd4 Ng5 20. f3 Be6 21. Qf4 Bd7 22. Bb2 Rae8 23. h4 Ne6 24. Qd6 Qf7 25. g4 Bc8 26. Qg3 Qe7 27. Qd6 Qxd6 28. cxd6 Nd8 29. b4 Bd7 30. a4 Nf7 31. Bd4 b6 32. e4 Nxd6 33. exd5 Rc8 34. dxc6 Bxc6 35. b5 Bxf3 36. Rxc8 Rxc8 37. Rg1 Kf7 38. g5 f5 39. Ke3 Be4 40. Be2 g6 41. Rd1 Re8 42. Kf4 Bc2 43. Rd2 Bxa4 44. Be5 Nc8 45. Bc4+ Kf8 46. Rd7 Re7 47. Rd8+ Re8 48. Rd7 Re7 49. Rd8+ Re8 50. Rd7 Re7 51. Rd8+ Re8 52. Bg7+ Ke7 53. Bf6+ Kf8 54. Rd7 Ne7 55. Rxa7 Bc2 56. Rb7 Be4 57. Rxb6 Nd5+ 1/2-1/2

[Event "IIFL WEALTH VI Under-13 2021"]
[Site "Mumbai"]
[Date "2022.01.06"]
[Round "8.2"]
[White "Bagwe Gaurang"]
[Black "Jaiveer Mahendru"]
[Result "1/2-1/2"]
[ECO "B91"]
[WhiteElo "1850"]
[BlackElo "1721"]
[Annotator "NA RC"]
[PlyCount "99"]
[EventDate "2021.12.30"]
[EventType "swiss"]
[EventCountry "IND"]
[SourceTitle "playchess.com"]
[Source "ChessBase"]
[SourceQuality "1"]
[TimeControl "5400+30"]

1. e4 c5 2. Nf3 d6 3. d4 cxd4 4. Nxd4 Nf6 5. Nc3 a6 6. g3 e5 7. Nde2 Be7 8. Bg2 O-O 9. O-O Nbd7 10. h3 b5 11. g4 b4 12. Nd5 Nxd5 13. exd5 a5 14. Be3 Ba6 15. Qd2 Rb8 16. Rfc1 a4 17. Ng3 g6 18. c3 f5 19. Bh6 Rf7 20. cxb4 Bh4 21. Rc6 Bb5 22. Rxd6 Rb6 23. Rxb6 Nxb6 24. Be3 Nc4 25. Qe1 f4 26. Bc5 fxg3 27. fxg3 Bf6 28. d6 Kh8 29. Bd5 Rg7 30. Bxc4 Bxc4 31. b3 axb3 32. axb3 Bxb3 33. Qe4 Rg8 34. Ra7 Be6 35. h4 Qc8 36. g5 Bg7 37. Rc7 Qa6 38. Re7 $2 {[%emt 0:06:36] [#]} (38. Ra7 $11 {and White stays safe.} Qb5 39. Ra5) 38... Bh3 $2 ({And not} 38... Qa1+ 39. Kh2 $17) (38... Rf8 $1 $19 39. Kh2 (39. Rxe6 $2 Qa1+ 40. Kh2 Qa2+ 41. Qg2 Qxe6 $19) (39. b5 Qxb5) 39... Bf5) 39. Kh2 (39. g4 $1 $11 {keeps the balance.} Qf1+ 40. Kh2) 39... Bf5 40. Qg2 $2 (40. Qe1 $17 {keeps fighting.}) 40... Qd3 41. g4 Be4 42. Qf2 Bf3 43. d7 e4 44. Qa2 Bxg4 $11 45. Qxg8+ Kxg8 46. Re8+ Kf7 47. Re7+ Kg8 48. Re8+ Kf7 49. Re7+ Kg8 50. Re8+ 1/2-1/2

[Event "IIFL WEALTH VI Under-13 2021"]
[Site "Mumbai"]
[Date "2022.01.06"]
[Round "8.3"]
[White "Kajrolkar Dakshil"]
[Black "Adireddy Arjun"]
[Result "0-1"]
[ECO "D70"]
[WhiteElo "1357"]
[BlackElo "1658"]
[Annotator "NA RC"]
[PlyCount "99"]
[EventDate "2021.12.30"]
[EventType "swiss"]
[EventCountry "IND"]
[SourceTitle "playchess.com"]
[Source "ChessBase"]
[SourceQuality "1"]
[TimeControl "5400+30"]

1. d4 d5 2. c4 c6 3. Nf3 Nf6 4. Nbd2 Bf5 5. g3 h6 6. Bg2 e6 7. O-O Bd6 8. b3 Nbd7 9. Bb2 O-O 10. Rc1 Qe7 11. Re1 Bh7 12. e3 Rfd8 13. Qe2 Ne4 14. Red1 f5 15. Nxe4 fxe4 16. Nd2 a6 17. f3 exf3 18. Bxf3 e5 19. cxd5 e4 20. Bg2 cxd5 21. Rf1 Nf6 22. Bh3 Bg6 23. Qg2 Be8 24. a4 b5 25. Ra1 bxa4 26. bxa4 Rab8 27. Bc3 Bb4 28. Bxb4 Rxb4 29. a5 Rb2 30. Rfb1 Rdb8 31. Qf1 Qd6 32. Qc1 Rxb1 33. Rxb1 Rxb1 34. Nxb1 Qb4 35. Be6+ Kh7 36. Bf5+ Bg6 37. Bc8 Qxa5 38. Qf1 Qb6 39. Bxa6 Qb3 40. Nd2 Qxe3+ 41. Qf2 Qa3 42. Qf1 Qa4 43. Kh1 Qxd4 44. Qe2 Bh5 45. Qe1 e3 46. Nb3 Bf3+ 47. Kg1 Qb2 48. Bd3+ g6 49. Qf1 e2 50. Qxf3 0-1

[Event "IIFL WEALTH VI Under-13 2021"]
[Site "Mumbai"]
[Date "2022.01.06"]
[Round "8.4"]
[White "Sharnarthi Viresh"]
[Black "Roy Aanya"]
[Result "0-1"]
[ECO "A57"]
[WhiteElo "1456"]
[BlackElo "1329"]
[Annotator "NA RC"]
[PlyCount "88"]
[EventDate "2021.12.30"]
[EventType "swiss"]
[EventCountry "IND"]
[SourceTitle "playchess.com"]
[Source "ChessBase"]
[SourceQuality "1"]
[TimeControl "5400+30"]

1. d4 Nf6 2. c4 c5 3. d5 b5 4. cxb5 a6 5. b6 Qxb6 6. Nc3 a5 7. e4 d6 8. f4 a4 9. e5 dxe5 10. fxe5 Nfd7 11. Bb5 g6 12. Qe2 Ba6 13. d6 e6 14. Nh3 Bg7 15. Qe4 Bxb5 16. Nxb5 Qxb5 17. Qxa8 Qb4+ 18. Kf1 Nxe5 19. Nf2 Nec6 20. d7+ Kxd7 21. Bd2 Qb5+ 22. Kg1 Na6 23. Qxh8 Bxh8 24. Bc3 Bd4 25. Re1 Nab4 26. Rd1 Ke7 27. h4 Qe2 28. Bxd4 Nxd4 29. Rh3 Nd5 30. Rhd3 Ne3 31. Rc1 Ng4 32. Rf1 Nxf2 33. Ra3 Ne4 34. h5 Qxh5 35. Rh3 Ne2+ 36. Kh2 Qe5+ 37. g3 N4xg3 38. Rf3 Nh5+ 39. Kh1 Neg3+ 40. Kh2 Qe2+ 41. Kg1 Qxf3 42. Rxh5 Ne2+ 43. Kh2 Qg3+ 44. Kh1 Qg1# 0-1

[Event "IIFL WEALTH VI Under-13 2021"]
[Site "Mumbai"]
[Date "2022.01.06"]
[Round "8.5"]
[White "Gaikwad Manas"]
[Black "Vedant Mistry"]
[Result "1-0"]
[ECO "C54"]
[WhiteElo "1243"]
[BlackElo "1394"]
[Annotator "NA RC"]
[PlyCount "88"]
[EventDate "2021.12.30"]
[EventType "swiss"]
[EventCountry "IND"]
[SourceTitle "playchess.com"]
[Source "ChessBase"]
[SourceQuality "1"]
[TimeControl "5400+30"]

1. e4 e5 2. Nf3 Nc6 3. Bc4 Bc5 4. c3 Nf6 5. d3 h6 6. Bb3 a6 7. Nbd2 Ba7 8. Nf1 d5 9. exd5 Nxd5 10. Ng3 Bg4 11. h3 Be6 12. O-O Qd7 13. Re1 f6 14. d4 exd4 15. Bc2 d3 16. Bxd3 O-O-O 17. Rxe6 Nde7 18. Rxe7 Nxe7 19. Ne1 Qd6 20. Qf3 Rhe8 21. Bf4 Qe6 22. Be4 c6 23. Nh5 Qf7 24. Bh2 f5 25. Nd3 Qf8 26. Qg3 Rd7 27. Ne5 fxe4 28. Nxd7 Bxf2+ 29. Qxf2 Qxf2+ 30. Kxf2 Kxd7 31. Nxg7 Rg8 32. Nh5 e3+ 33. Kg1 Rg5 34. Nf6+ Ke6 35. Ne4 Rg7 36. Re1 Nf5 37. g4 h5 38. g5 Kd5 39. Nf6+ Kc4 40. Bf4 Kd3 41. Nxh5 Rh7 42. Ng3 Nxg3 43. Rxe3+ Kc2 44. Rxg3 Kxb2 1-0

[Event "IIFL WEALTH VI Under-13 2021"]
[Site "Mumbai"]
[Date "2022.01.07"]
[Round "9.2"]
[White "Adireddy Arjun"]
[Black "Bagwe Gaurang"]
[Result "0-1"]
[ECO "B76"]
[WhiteElo "1658"]
[BlackElo "1850"]
[Annotator "NA RC"]
[PlyCount "83"]
[EventDate "2021.12.30"]
[EventType "swiss"]
[EventCountry "IND"]
[SourceTitle "playchess.com"]
[Source "ChessBase"]
[SourceQuality "1"]
[TimeControl "5400+30"]

1. e4 c5 2. Nf3 d6 3. d4 cxd4 4. Nxd4 Nf6 5. Nc3 g6 6. Be3 Bg7 7. f3 O-O 8. Qd2 Nc6 9. O-O-O d5 10. exd5 Nxd5 11. Nxc6 bxc6 12. Nxd5 cxd5 13. Qxd5 Qc7 14. Qc5 Qb7 15. b3 Bf5 16. Bd3 Rac8 17. Qa5 Rc3 18. Bxf5 Rxe3 19. Be4 Qb8 20. g3 Rc8 21. Rd7 f5 22. Bb7 Bc3 23. Qd5+ e6 24. Qd6 Qxd6 25. Rxd6 Rc7 26. Ba6 e5 27. Rd3 Rxd3 28. cxd3 Bd4+ 29. Bc4+ Kg7 30. Kd2 h5 31. Rf1 h4 32. Ke2 Kf6 33. gxh4 Rh7 34. Rh1 Rxh4 35. Kf1 Kg5 36. Kg2 Kf4 37. Re1 Rh5 38. Bd5 Rg5+ 39. Kh1 Bf2 40. h4 Rh5 41. Re2 Kg3 42. b4 0-1

[Event "IIFL WEALTH VI Under-13 2021"]
[Site "Mumbai"]
[Date "2022.01.07"]
[Round "9.3"]
[White "Jaiveer Mahendru"]
[Black "Gaikwad Manas"]
[Result "0-1"]
[ECO "B90"]
[WhiteElo "1721"]
[BlackElo "1243"]
[Annotator "NA RC"]
[PlyCount "66"]
[EventDate "2021.12.30"]
[EventType "swiss"]
[EventCountry "IND"]
[SourceTitle "playchess.com"]
[Source "ChessBase"]
[SourceQuality "1"]
[TimeControl "5400+30"]

1. e4 c5 2. Nf3 d6 3. d4 cxd4 4. Nxd4 Nf6 5. Nc3 a6 6. Be3 e5 7. Nb3 Be6 8. f3 Be7 9. Qd2 Nbd7 10. O-O-O b5 11. g4 b4 12. Nd5 Bxd5 13. exd5 Nb6 14. Bxb6 Qxb6 15. Qe2 O-O 16. f4 a5 17. g5 Nd7 18. h4 a4 19. Na1 a3 20. b3 exf4 21. Qe4 Ne5 22. Qxf4 f6 23. g6 Nxg6 24. Qg3 f5 25. c4 f4 26. Qh3 Bf6 27. Nc2 Rae8 28. Bd3 Ne5 29. Bf5 f3 30. Rhf1 Nxc4 31. bxc4 b3 32. axb3 Bb2+ 33. Kb1 Qxb3 0-1

[Event "IIFL WEALTH VI Under-13 2021"]
[Site "Mumbai"]
[Date "2022.01.07"]
[Round "9.4"]
[White "Bharadia Yash"]
[Black "Jain, Kushagra"]
[Result "1-0"]
[ECO "B90"]
[WhiteElo "1675"]
[BlackElo "1468"]
[Annotator "NA RC"]
[PlyCount "71"]
[EventDate "2021.12.30"]
[EventType "swiss"]
[EventCountry "IND"]
[SourceTitle "playchess.com"]
[Source "ChessBase"]
[SourceQuality "1"]
[TimeControl "5400+30"]

1. e4 c5 2. Nf3 d6 3. d4 cxd4 4. Nxd4 Nf6 5. Nc3 a6 6. Be3 e5 7. Nb3 Be7 8. f3 Be6 9. Qd2 Nbd7 10. g4 O-O 11. O-O-O b5 12. g5 b4 13. Ne2 Ne8 14. Kb1 a5 15. h4 Nc7 16. f4 exf4 17. Nxf4 Ne5 18. Nd4 Qd7 19. Be2 Rfb8 20. Rdg1 a4 21. h5 b3 22. cxb3 axb3 23. a3 d5 24. g6 Bxa3 25. gxf7+ Nxf7 26. bxa3 Rxa3 27. Rxg7+ Kxg7 28. Qb2 Ne5 29. Qxa3 Ra8 30. Qb2 Kg8 31. Ndxe6 Nxe6 32. Qxe5 b2 33. Rg1+ Ng7 34. Rxg7+ Qxg7 35. Qxd5+ Qf7 36. Qxa8+ 1-0

[Event "IIFL WEALTH VI Under-13 2021"]
[Site "Mumbai"]
[Date "2022.01.07"]
[Round "9.5"]
[White "Bhoir Paras Dilip"]
[Black "Midilesh MS"]
[Result "1-0"]
[ECO "B40"]
[WhiteElo "1236"]
[BlackElo "1671"]
[Annotator "NA RC"]
[PlyCount "116"]
[EventDate "2021.12.30"]
[EventType "swiss"]
[EventCountry "IND"]
[SourceTitle "playchess.com"]
[Source "ChessBase"]
[SourceQuality "1"]
[TimeControl "5400+30"]

1. e4 c5 2. Nf3 e6 3. c3 a6 4. d4 cxd4 5. cxd4 d6 6. Bd3 Nd7 7. Nc3 b5 8. a3 Bb7 9. Bf4 Ngf6 10. Rc1 Be7 11. O-O O-O 12. Qe2 Re8 13. Rfd1 Nb6 14. Nb1 Nfd7 15. h4 f6 16. Nbd2 Nf8 17. Nf1 Qd7 18. e5 f5 19. Bg3 d5 20. h5 Qd8 21. Bf4 g5 22. hxg6 hxg6 23. g4 g5 24. Bd2 f4 25. Ba5 Rb8 26. a4 bxa4 27. Bxa6 Ra8 28. Bxb7 Rxa5 29. Bc6 Nfd7 30. Kg2 Kg7 31. N1d2 Rh8 32. Qd3 Nf8 33. Rh1 Rxh1 34. Rxh1 Ng6 35. Kf1 a3 36. bxa3 Rxa3 37. Qb1 Qc7 38. Rh7+ Kxh7 39. Be8 Ra1 40. Qxa1 Kg7 41. Kg2 Qc8 42. Bxg6 Kxg6 43. Qb1+ Kg7 44. Qxb6 Kf7 45. Nb3 Kg7 46. Nc5 Kf7 47. Qb7 Qxb7 48. Nxb7 Kg6 49. Kf1 Kf7 50. Ke2 Kg6 51. Kd3 Kf7 52. Kc3 Kg6 53. Kb3 Kf7 54. Ka4 Kg6 55. Kb5 Kf7 56. Kc6 Kg7 57. Kd7 Kf8 58. Nd6 Bxd6 1-0